 Dungeon Crawl Stone Soup version 0.31-a0-221-gbddc013574 (webtiles) character file.

Game seed: 13954989779538775130

61 qw the Shooter (level 3, 0/29 HPs)
             Began as a Minotaur Hexslinger on July 4, 2023.
             Slain by a gnoll
             ... wielding a +0 spear
              (1 damage)
             ... on level 2 of the Dungeon.
             The game lasted 00:00:23 (1335 turns).

qw the Shooter (Minotaur Hexslinger)                Turns: 1335, Time: 00:00:24

Health: 0/29       AC:  5    Str: 12    XL:     3   Next: 83%
Magic:  3/3        EV: 11    Int: 10    God:
Gold:   63         SH:  0    Dex: 14    Spells: 3/4 levels left

rFire   . . .        Y - +2 sling
rCold   . . .        (no shield)
rNeg    . . .        e - +0 ring mail
rPois   .            (helmet restricted)
rElec   .            (no cloak)
rCorr   .            (no gloves)
SInv    .            (no boots)
Will    .....        (no amulet)
Stlth   +            (no ring)
HPRegen 0.24/turn    (no ring)
MPRegen 0.08/turn

%: no passive effects
@: no status effects
A: horns 2, retaliatory headbutt
a: no special abilities


You were on level 2 of the Dungeon.
You visited 1 branch of the dungeon, and saw 4 of its levels.

You collected 63 gold pieces.


Innate Abilities, Weirdness & Mutations

You have a pair of horns on your head.
You reflexively headbutt those who attack you in melee.


   Skills:
 - Level 2.0 Fighting
 + Level 4.0 Ranged Weapons
 - Level 1.5 Armour
 - Level 2.1 Dodging
 - Level 1.0 Spellcasting
 - Level 2.0 Hexes


You had 3 spell levels left.
You knew the following spells:

 Your Spells              Type           Power      Damage    Failure   Level
a - Slow                  Hex            16%        N/A       32%         1

Your spell library contained the following spells:

 Spells                   Type           Power      Damage    Failure   Level
 Inner Flame              Hex/Fire       2%         N/A       83%         3
 Portal Projectile        Hex/Tloc       4%         N/A       83%         3
 Cause Fear               Hex            2%         N/A       97%         4

Inventory:

Hand Weapons
 Y - a +2 sling (weapon)
Armour
 e - a +0 ring mail (worn)
Scrolls
 a - a scroll of enchant armour
Potions
 c - a potion of lignification {unknown}
 g - a potion of magic {unknown}
 h - a potion of resistance {unknown}

Dungeon Overview and Level Annotations

Branches:
Dungeon (4/15)
 Temple: D:4-7

Altars:
Kikubaaqudgha


Message History

A gnoll comes into view. It is wielding a +0 spear.
The gnoll moves out of view.
You shoot a sling bullet.
The sling bullet closely misses the gnoll.
You shoot a sling bullet.
The sling bullet hits the gnoll but does no damage.
The gnoll is moderately wounded.
You shoot a sling bullet.
The sling bullet barely misses the gnoll.
A rat comes into view.
A gnoll comes into view. It is wielding a +0 flail.
You shoot a sling bullet.
The sling bullet closely misses the gnoll.
The gnoll shouts!
The gnoll barely misses you. x2
You shoot a sling bullet. The sling bullet hits the gnoll.
The gnoll is heavily wounded.
You feel your willpower return. The gnoll barely misses you.
The gnoll misses you.
You shoot a sling bullet.
The sling bullet completely misses the gnoll.
The gnoll shouts!
The gnoll hits you but does no damage. The gnoll hits you with a +0 flail!
The gnoll closely misses you.
The gnoll hits you from afar with a +0 spear.
You shoot a sling bullet.
The sling bullet barely misses the gnoll.
The sling bullet hits the gnoll.
The gnoll is lightly wounded.
The gnoll hits you from afar with a +0 spear.
The gnoll hits you with a +0 flail!
You shoot a sling bullet. The sling bullet hits the gnoll.
You kill the gnoll!
The gnoll hits you from afar with a +0 spear.
Your Armour skill increases to level 1!
You shoot a sling bullet. The sling bullet hits the rat.
You kill the rat!
The gnoll barely misses you.
The gnoll hits you from afar with a +0 spear.
You die...

....##..##### ###
............## #..
....##.#.###..# ##.. ..
. #.#.####.#######...
...#...#.##.............
.....###.##.............
.....g..................
.....g)...#...###......#
..._..g@........######.#
................# #..
#...............#### ##.
##...####..#........ #.
.................... ##
...#..%...##........ #
..$#...#............ ..
#...#.###........ ... ..
#........


You could see 3 gnolls.

Vanquished Creatures
  2 adders (D:2)
  A gnoll (D:2)
  2 worms (D:2)
  A dart slug (D:1)
  5 ball pythons
  3 bats
  An endoplasm (D:2)
  2 giant cockroaches
  3 goblins
  2 hobgoblins (D:1)
  A quokka (D:1)
  2 frilled lizards (D:1)
  2 rats
27 creatures vanquished.

Notes
Turn   | Place    | Note
-------+----------+-------------------------------------------
     0 | D:1      | qw the Minotaur Hexslinger began the quest for the Orb.
     0 | D:1      | Reached XP level 1. HP: 16/16 MP: 1/1
     0 | D:1      | 0 ||| qw: Version: 0.3-a-41-g9d075ac
     0 | D:1      | 0 ||| qw: Game counter: 704
     0 | D:1      | 0 ||| qw: Melee chars always use a shield: true
     0 | D:1      | 0 ||| qw: God list: Okawaru
     0 | D:1      | 0 ||| qw: Allow faded altars: false
     0 | D:1      | 0 ||| qw: Do Orc after clearing Dungeon:15 true
     0 | D:1      | 0 ||| qw: Do second Lair branch before Depths: true
     0 | D:1      | 0 ||| qw: Lair rune preference: random
     0 | D:1      | 0 ||| qw: Goals: Normal
     0 | D:1      | 0 ||| PLANNING D:1-11
   183 | D:1      | HP: 3/16 [quokka (3)]
   307 | D:1      | Reached skill level 3 in Ranged Weapons
   369 | D:1      | Reached XP level 2. HP: 23/23 MP: 2/2
   743 | D:1      | 743 ||| UPGRADING to +0 ring mail.
   753 | D:1      | 753 ||| DROPPING +0 robe.
   754 | D:1      | 754 ||| READING 2 scrolls labelled TOACSA JAFRO.
   755 | D:1      | 755 ||| READING scroll labelled XUUJYE PILIW.
   756 | D:1      | 756 ||| READING scroll labelled PODIYB IRAKK.
   761 | D:1      | 761 ||| READING scroll labelled JESAL ZEUMEDUGA.
   762 | D:1      | 762 ||| DROPPING scroll of poison.
   818 | D:2      | Reached XP level 3. HP: 29/29 MP: 3/3
   992 | D:2      | Reached skill level 4 in Ranged Weapons
  1090 | D:2      | Found an ancient bone altar of Kikubaaqudgha.
  1092 | D:2      | You fall into a shaft and drop 2 floors!
  1174 | D:4      | 1174 ||| READING scroll labelled NILUFA KIECKIN.
  1287 | D:3      | 1287 ||| READING scroll labelled ADOTEL WELUU.
  1333 | D:2      | HP: 5/29 [gnoll/+0 flail (9)]
  1334 | D:2      | HP: 1/29 [gnoll/+0 spear (5)]
  1335 | D:2      | Reached skill level 1 in Armour
  1335 | D:2      | Slain by a gnoll

Levels and vault maps discovered:
D:1:      dpeg_arrival_pond, layout_loops_ring
D:2:      layout_rooms, basic_altar, hellmonk_ecumenical_altar_lost_god,
          minmay_misc_feat_x
D:3:      layout_basic, demons_altar, uniq_grinder
D:4:      layout_loops_ring, nicolae_overflow_crystal_walls, temple_statues,
          dreamdust_princess_bridge

Skill      XL: |  1  2  3 |
---------------+----------+-----
Ranged Weapons | 3 4 |  4.0
Fighting       | 2 |  2.0
Armour         | 1 |  1.5
Dodging        | |  2.1
Spellcasting   | |  1.0
Hexes          | |  2.0

Action                     || total
---------------------------++-------
   Fire: Sling             ||    77
    Use: Scroll            ||     6
 Armour: Ring mail         ||     3
         Robe              ||     1
  Dodge: Dodged            ||    13

Table legend:
 A = Non-vault XP
 B = Vault XP
 C = Vault XP percentage of total XP
 D = Non-vault monster count
 E = Vault monster count
 F = Vault count percentage of total count
                 A         B        C        D         E       F
            +---------+---------+-------+---------+---------+-------
      Total |      89 |       0 |   0.0 |      27 |       0 |   0.0
            +---------+---------+-------+---------+---------+-------
        D:1 |      24 |       0 |   0.0 |      13 |       0 |   0.0
        D:2 |      60 |       0 |   0.0 |      11 |       0 |   0.0
        D:3 |       5 |       0 |   0.0 |       3 |       0 |   0.0
            +---------+---------+-------+---------+---------+-------
